 Dungeon Crawl Stone Soup version 0.30-a0-840-ga523dec638 (webtiles) character file.

Game seed: 1978681141162550487

6244 demibob the Cruncher (level 10, -3/67 HPs)
             Began as a Demonspawn Gladiator on Mar 2, 2023.
             Was the Champion of Cheibriados.
             Killed by divine providence
             ... invoked by a meliai
              (14 damage)
             ... on level 9 of the Dungeon.
             The game lasted 00:16:34 (8205 turns).

demibob the Cruncher (Demonspawn Gladiator)         Turns: 8205, Time: 00:16:34

Health: -3/67      AC:  8    Str: 29    XL:     10   Next: 62%
Magic:  0/10       EV: 17    Int: 29    God:    Cheibriados [******]
Gold:   652        SH:  0    Dex: 30    Spells: 4/9 levels left

rFire   . . .      SeeInvis .    a - +1 quarterstaff
rCold   . . .      Faith    .    (shield currently unavailable)
rNeg    . . .      Spirit   +    b - +0 leather armour
rPois   +          Reflect  .    c - +1 helmet
rElec   .          Harm     .    q - +0 cloak
rCorr   .          Rampage  .    p - +0 pair of gloves "Engiwatt" {rPois}
Will    +....                    g - +0 pair of boots
Stlth   ++                       A - amulet of regeneration
HPRegen 1.11/turn                W - ring of willpower
MPRegen 0.24/turn                Z - ring of wizardry

@: very slow
A: claws 1, repulsion field 2, ignite blood 1, magic shield, magic regeneration
a: Renounce Religion, Bend Time, Temporal Distortion, Slouch, Step From Time


You were on level 9 of the Dungeon.
You worshipped Cheibriados.
Cheibriados was exalted by your worship.
You visited 1 branch of the dungeon, and saw 9 of its levels.

You collected 652 gold pieces.


Innate Abilities, Weirdness & Mutations

You have sharp fingernails.
You are surrounded by a moderate repulsion field. (EV +3)
Your demonic aura sometimes causes spilled blood to erupt in flames.
When hurt, damage is shared between your health and your magic reserves.
You regenerate magic rapidly.


   Skills:
 - Level 2.0 Fighting
 + Level 10.8 Staves
 - Level 1.7 Throwing
 - Level 3.2 Dodging
 + Level 7.9 Conjurations
 + Level 7.2 Air Magic


You had 4 spell levels left.
You knew the following spells:

 Your Spells              Type           Power      Damage    Failure   Level
X - Arcjolt               Conj/Air       22%        1d32      6%          5

Your spell library contained the following spells:

 Spells                   Type           Power      Damage    Failure   Level
 Kiss of Death            Conj/Necr      92%        2d12      1%          1
 Vhi's Electric Charge    Tloc/Air       40%        N/A       3%          3
 Beastly Appendage        Tmut           0%         N/A       4%          1
 Passwall                 Tmut/Erth      0%         N/A       7%          2
 Wereblood                Tmut           0%         N/A       7%          2
 Confusing Touch          Hex            0%         N/A       14%         3
 Spider Form              Tmut/Pois      0%         N/A       14%         3
 Dispel Undead            Necr           0%         3d6       41%         4
 Borgnjor's Vile Clutch   Necr/Erth      0%         N/A       75%         5
 Yara's Violent Unravell  Hex/Tmut       0%         3d3       75%         5
 Enfeeble                 Hex            0%         N/A       100%        7
 Borgnjor's Revivificati  Necr           0%         N/A       100%        8
 Maxwell's Capacitive Co  Air            21%        ∞         100%        8

Inventory:

Hand Weapons
 a - a +1 quarterstaff (weapon)
Missiles
 e - 5 javelins (quivered)
 E - a throwing net {=f}
Armour
 b - a +0 leather armour (worn)
 c - a +1 helmet (worn)
 g - a +0 pair of boots (worn)
 p - the +0 pair of gloves "Engiwatt" (worn) {rPois}
   (You found it on level 4 of the Dungeon)

   rPois:     It protects you from poison.
 q - a +0 cloak (worn)
Jewellery
 f - a ring of fire
 A - an amulet of regeneration (around neck)
 S - a +6 ring of strength
 W - a ring of willpower (left hand)
 Z - a ring of wizardry (right hand)
Wands
 h - a wand of paralysis (23)
 n - a wand of iceblast (7)
 r - a wand of acid (4)
 u - a wand of flame (25)
 C - a wand of mindburst (22)
Scrolls
 d - 4 scrolls of enchant weapon
 l - 2 scrolls of blinking
 s - 2 scrolls of vulnerability
 v - 2 scrolls of noise
 x - a scroll of enchant armour
 y - 2 scrolls of poison
 D - 2 scrolls of magic mapping
 G - a scroll of teleportation {@r2}
Potions
 i - 5 potions of brilliance
 j - 3 potions of attraction
 k - 2 potions of invisibility
 m - 2 potions of resistance
 o - 2 potions of ambrosia {unknown}
 t - 2 potions of might
 z - a potion of magic {unknown}
 B - a potion of curing {@q1}
 F - 4 potions of mutation
 H - a potion of cancellation {unknown}

Dungeon Overview and Level Annotations

Branches:
Dungeon (9/15)             Temple (0/1) D:4            Lair (0/5) D:8
    Orc: D:9-12

Altars:
Ashenzari
Cheibriados
Fedhas
Gozag
Qazlal
Sif Muna
Trog
Xom
Yredelemnul

Shops:
D:2 *   D:8 *

Portals:
Abyss: D:5

Annotations:
D:3 1 runed translucent door, jimonade's ghost, amateur OgWr
D:4 Natasha
D:5 2 transporters, zenocrate's ghost, novice OpTm

.............##........#,,,,,,,,,
.............##....)....,********
..)..........##.........,,****,,*
...................#...#,,,,,+,,*
.....................#,*,**,,*,,*
.....................#**,,,,,,,,*
...####....#...#.....# *,,*,***+*
#..# #....#...#.....#**,,,,,,,**
...# #....#...#@...#...,,*******
...# #....#####....#*..,,,,****,
##.#**#....#........#,,,,,*,**,+,
,..##...####...h.###...#,,,,,,,*,
*,,*#..........hl# *...#,,,,**,**
,,,*#..........y.# *,..#,,,,,*,,,
*****#.....⚑.....#**,,..,,*,,,,,,
*#####....##.y...#*,,,***,*,,,,**
*(........##.....#...,,,,,*,,,,,*


You could see a hornet, a meliai (ally target), a friendly wyvern (summoned) and
2 friendly howler monkeys.


Message History

You sock the meliai!
The meliai is severely wounded.
The meliai calls down the wrath of its god upon you.
Something smites you! The hornet misses you.
The meliai hits you with a +0 war axe!
* * * LOW HITPOINT WARNING * * *
The meliai stings you but does no damage.
Unknown command.
You feel better. The meliai hits you with a +0 war axe!
* * * LOW HITPOINT WARNING * * *
The meliai barely misses you. The hornet closely misses you.
The meliai hits you with a +0 war axe.
* * * LOW HITPOINT WARNING * * *
The meliai stings you!
* * * LOW HITPOINT WARNING * * *
The hornet stings you but does no damage.
Blink to where?
Press: ? - help, Dir - move target
As you read the scroll of blinking, it crumbles to dust.
As you read the scroll of summoning, it crumbles to dust.
Wisps of shadow whirl around you...
Blink to where?
Press: ? - help, Dir - move target
As you read the scroll of blinking, it crumbles to dust.
The meliai hits your howler monkey with a +0 war axe!
The meliai completely misses your howler monkey.
Your howler monkey closely misses the meliai.
The meliai calls down the wrath of its god upon you.
Something smites you!
You die...

Skill      XL: |  1  2  3  4  5  6  7  8  9 10 |
---------------+-------------------------------+-----
Staves         | 3 4 5 7 8 9 10 | 10.8
Dodging        | 3 |  3.2
Conjurations   | 1 4 6 7 |  7.9
Air Magic      | 1 4 6 7 |  7.2
Fighting       | |  2.0
Throwing       | |  1.7

Action                     |  1- 3 |  4- 6 |  7- 9 | 10-12 || total
---------------------------+-------+-------+-------+-------++-------
  Melee: Quarterstaff      |    92 |   139 |   362 |   185 ||   778
  Throw: Throwing net      |       |    10 |     2 |       ||    12
         Javelin           |       |       |     2 |       ||     2
   Cast: Arcjolt           |       |       |       |     4 ||     4
    Use: Scroll            |     4 |     3 |     9 |     4 ||    20
         Potion            |       |     4 |     2 |     1 ||     7
   Stab: Sleeping          |     1 |       |     2 |     1 ||     4
         Held in net/web   |       |     1 |       |       ||     1
         Distracted        |       |       |     1 |       ||     1
 Armour: Leather armour    |    25 |    30 |    96 |    36 ||   187
  Dodge: Dodged            |    68 |   126 |   287 |   149 ||   630

Levels and vault maps discovered:
D:1:      dpeg_arrival_chambers_temple_mockup, layout_rooms,
          dilly_ecumenical_altar_fadedgnrine, minmay_gold_behind_fungi,
          glass_columns_b
D:2:      layout_loops_ring, serial_shops, shop
D:3:      layout_basic, mainiacjoe_overflow_small_starburst,
          gammafunk_ghost_grave, minivault_19, corner_web_ring, minmay_mini_jars
D:4:      layout_layer_cave, nicolae_overflow_crystal_walls, temple_statues,
          uniq_grinder, uniq_natasha, uniq_crazy_yiuf_cottage
D:5:      cheibrodos_barr_body, layout_loops_corners, xom_teletrap_fun,
          mainiacjoe_overflow_tiny_flanked, mainiacjoe_overflow_alcove_4,
          gammafunk_ghost_abyssal_escape, kennysheep_generic_room_10,
          uniq_blork_the_orc, uniq_menkaure
D:6:      layout_gridville, fedhas_altar_1
D:7:      layout_loops_ring, lemuel_tele_altar, trog_ov_bears_minmay,
          uniq_prince_ribbit1
D:8:      layout_basic, hellmonk_lair_entry_icy, serial_shops,
          nicolae_shop_crystal, minmay_misc_feat_rows, uniq_maurice
D:9:      hangedman_cross_stitches, layout_basic, overflow_temple_1_default,
          lightli_corner_chamber

Notes
Turn   | Place    | Note
-------+----------+-------------------------------------------
     0 | D:1      | demibob the Demonspawn Gladiator began the quest for the
                  | Orb.
     0 | D:1      | Reached XP level 1. HP: 16/16 MP: 1/1
    36 | D:1      | Reached skill level 3 in Staves
   139 | D:1      | Gained mutation: You are surrounded by a mild repulsion
                  | field. (EV +2) [demonic ancestry]
   139 | D:1      | Reached XP level 2. HP: 22/22 MP: 2/2
   271 | D:1      | Found a faded altar of an unknown god.
   602 | D:1      | Prayed at the altar of an unknown god.
   602 | D:1      | Became a worshipper of Cheibriados the Contemplative
   602 | D:1      | Reached * piety under Cheibriados
   721 | D:2      | Identified the +4 scale mail of Wygoadgh {rPois SInv}
  1046 | D:2      | Found Yxiucene's General Store.
  1122 | D:2      | Gained mutation: You regenerate magic rapidly. [demonic
                  | ancestry]
  1122 | D:2      | Reached XP level 3. HP: 27/27 MP: 3/3
  1253 | D:3      | Found a runed translucent door.
  1253 | D:3      | Noticed jimonade's ghost (amateur OgWr)
  1334 | D:3      | Found an opulent altar of Gozag.
  1376 | D:3      | Reached skill level 4 in Staves
  1503 | D:3      | Gained mutation: Your demonic aura sometimes causes spilled
                  | blood to erupt in flames. [demonic ancestry]
  1503 | D:3      | Reached XP level 4. HP: 33/33 MP: 4/4
  1534 | D:3      | Reached ** piety under Cheibriados
  1638 | D:3      | Reached skill level 5 in Staves
  1866 | D:3      | Reached XP level 5. HP: 13/38 MP: 5/5
  2712 | D:4      | Found a staircase to the Ecumenical Temple.
  3050 | D:4      | Reached *** piety under Cheibriados
  3085 | D:4      | Reached skill level 6 in Staves
  3094 | D:4      | Noticed Grinder
  3110 | D:4      | Paralysed by Grinder for 5 turns
  3123 | D:4      | Killed Grinder
  3124 | D:4      | Reached skill level 7 in Staves
  3124 | D:4      | Reached XP level 6. HP: 37/44 MP: 6/6
  3186 | D:4      | Got the Guidebook on the Xenomorphic Grave
  3235 | D:4      | Noticed Natasha
  3240 | D:4      | Killed Natasha
  3301 | D:4      | Noticed Natasha
  3311 | D:4      | Killed Natasha
  3312 | D:4      | Gained mutation: You have sharp fingernails. [demonic
                  | ancestry]
  3312 | D:4      | Reached XP level 7. HP: 45/50 MP: 7/7
  3580 | D:4      | Noticed Natasha
  3699 | D:4      | Found a stormy altar of Qazlal.
  3732 | D:4      | Identified the +0 pair of gloves "Engiwatt" {rPois}
  3931 | D:4      | Found a runed translucent door.
  3932 | D:4      | Noticed Crazy Yiuf
  3941 | D:4      | Killed Crazy Yiuf
  3968 | D:5      | Entered Level 5 of the Dungeon
  4067 | D:5      | Reached skill level 3 in Dodging
  4074 | D:5      | Found a broken altar of Ashenzari.
  4148 | D:5      | Found a shimmering altar of Xom.
  4166 | D:5      | Found a snail-covered altar of Cheibriados.
  4209 | D:5      | Found a one-way gate to the infinite horrors of the Abyss.
  4209 | D:5      | Noticed zenocrate's ghost (novice OpTm)
  4222 | D:5      | Learned a level 5 spell: Arcjolt
  4234 | D:5      | Reached skill level 8 in Staves
  4365 | D:5      | Noticed Blork the orc
  4372 | D:5      | Killed Blork the orc
  4373 | D:5      | Reached skill level 1 in Conjurations
  4373 | D:5      | Reached skill level 1 in Air Magic
  4395 | D:5      | Noticed a toenail golem
  4403 | D:5      | Found a transporter.
  4420 | D:5      | Found a transporter.
  4473 | D:5      | Gained mutation: When hurt, damage is shared between your
                  | health and your magic reserves. [demonic ancestry]
  4473 | D:5      | Reached XP level 8. HP: 56/56 MP: 8/8
  4478 | D:5      | Reached skill level 2 in Conjurations
  4487 | D:5      | Reached skill level 2 in Air Magic
  4520 | D:5      | Reached **** piety under Cheibriados
  4577 | D:5      | Reached skill level 3 in Conjurations
  4585 | D:5      | Reached skill level 3 in Air Magic
  4755 | D:5      | Noticed Menkaure
  4874 | D:5      | Killed Menkaure
  5173 | D:5      | Reached skill level 4 in Conjurations
  5440 | D:5      | Identified 2 potions of resistance
  5512 | D:6      | Reached skill level 9 in Staves
  5728 | D:6      | Reached skill level 4 in Air Magic
  5874 | D:6      | Reached XP level 9. HP: 57/61 MP: 7/9
  5926 | D:6      | Found a blossoming altar of Fedhas.
  6184 | D:6      | Reached skill level 5 in Conjurations
  6278 | D:7      | Reached ***** piety under Cheibriados
  6315 | D:7      | Found a bloodstained altar of Trog.
  6347 | D:7      | Reached skill level 5 in Air Magic
  6643 | D:7      | Found a basalt altar of Yredelemnul.
  6824 | D:7      | Reached skill level 6 in Conjurations
  7044 | D:7      | Noticed Prince Ribbit
  7059 | D:7      | Killed Prince Ribbit
  7060 | D:7      | Reached skill level 10 in Staves
  7141 | D:8      | Noticed a rime drake
  7148 | D:8      | Noticed a polar bear
  7176 | D:8      | Killed a rime drake
  7177 | D:8      | Reached skill level 6 in Air Magic
  7177 | D:8      | Gained mutation: You are surrounded by a moderate repulsion
                  | field. (EV +3) [demonic ancestry]
  7177 | D:8      | Reached XP level 10. HP: 62/67 MP: 8/10
  7347 | D:8      | Reached skill level 7 in Conjurations
  7423 | D:8      | Found Ciceom's General Store.
  7615 | D:8      | Noticed Maurice
  7639 | D:8      | Killed Maurice
  7850 | D:8      | Found a staircase to the Lair.
  8095 | D:9      | Reached ****** piety under Cheibriados
  8096 | D:9      | Reached skill level 7 in Air Magic
  8166 | D:9      | Found a shimmering blue altar of Sif Muna.
  8205 | D:9      | Killed from afar by a meliai

Vanquished Creatures
  Maurice (D:8)
  A rime drake (D:8)
  A polar bear (D:8)
  Grinder (D:4)
  Prince Ribbit (D:7)
  A wraith (D:9)
  A yak (D:5)
  A wyvern (D:9)
  Menkaure (D:5)
  3 water moccasins
  5 black bears
  An orc warrior (D:6)
  3 ice beasts
  A sky beast (D:5)
  An ogre (D:5)
  A centaur (D:8)
  2 wolves (D:8)
  A phantom (D:7)
  A kobold brigand (D:8)
  5 bullfrogs
  Blork the orc (D:5)
  3 necrophages
  A gnoll sergeant (D:8)
  7 scorpions
  10 wights
  5 howler monkeys
  4 hounds
  A jelly (D:6)
  5 orc priests
  Crazy Yiuf (D:4)
  8 orc wizards
  Natasha (twice) (D:4)
  4 iguanas (D:5)
  8 adders
  15 gnolls
  2 white imps
  2 ufetubi
  2 worms
  A dart slug (D:3)
  28 orcs
  7 endoplasms
  3 giant cockroaches (D:3)
  11 goblins
  5 hobgoblins
  8 kobolds
  6 quokkas
  5 ball pythons
  2 bats
  2 frilled lizards
  5 rats
197 creatures vanquished.

Vanquished Creatures (collateral kills)
  2 orcs (D:6)
2 creatures vanquished.

Vanquished Creatures (others)
  5 toadstools (D:1)
5 creatures vanquished.

Grand Total: 204 creatures vanquished

Table legend: (Time is in decaauts)
 A = Elapsed time spent in this place.
 B = Non-inter-level travel time spent in this place.
 C = Inter-level travel time spent in this place.
 D = Time resting spent in this place.
 E = Time spent auto-exploring this place.
 F = Levels seen in this place.
 G = Mean time per level.
                   A        B        C        D        E       F      G
               +--------+--------+--------+--------+--------+-----+--------+
         Total |  11438 |  11095 |    343 |    877 |   8386 |   9 | 1270.9 |
       Dungeon |  11438 |  11095 |    343 |    877 |   8386 |   9 | 1270.9 |
               +--------+--------+--------+--------+--------+-----+--------+

Top non-repeatable levels by time:
     D:5: 2100 daAuts
     D:4: 1944 daAuts
     D:3: 1806 daAuts
     D:8: 1589 daAuts
     D:7: 1329 daAuts
     D:6: 1002 daAuts
     D:2: 840 daAuts
     D:1: 636 daAuts
     D:9: 189 daAuts

Table legend:
 A = Non-vault XP
 B = Vault XP
 C = Vault XP percentage of total XP
 D = Non-vault monster count
 E = Vault monster count
 F = Vault count percentage of total count
                 A         B        C        D         E       F
            +---------+---------+-------+---------+---------+-------
      Total |    5037 |    3883 |  43.5 |     155 |      44 |  22.1
            +---------+---------+-------+---------+---------+-------
        D:1 |      16 |       0 |   0.0 |       9 |       0 |   0.0
        D:2 |      26 |       0 |   0.0 |      10 |       0 |   0.0
        D:3 |     159 |      32 |  16.8 |      29 |      10 |  25.6
        D:4 |     276 |     364 |  56.9 |      18 |       3 |  14.3
        D:5 |     468 |    1126 |  70.6 |      13 |      20 |  60.6
        D:6 |     899 |       0 |   0.0 |      20 |       0 |   0.0
        D:7 |     997 |     535 |  34.9 |      18 |       3 |  14.3
        D:8 |    1441 |    1630 |  53.1 |      29 |       7 |  19.4
        D:9 |     755 |     196 |  20.6 |       9 |       1 |  10.0
            +---------+---------+-------+---------+---------+-------
